AoeStats
← [La14]Uvita

Arabia

510818103Analyzed
1v1 RM · 20h ago on Oct 2, 2026· 29m 27s· 2 players
Game mode
Random Map
Map size
Tiny (2 player)
Population
200
Speed
Normal
Resources
Standard
Victory
Conquest
Starting age
Dark Age
Ending age
Imperial Age
RankedLock teamsTeams togetherTeam positionsShared explorationLock speedFull tech treeHidden civsTurbo modeCheats
Victory
Defeat
🇫🇷 Cumans · France
909
+17
🇦🇷 Magyars · Argentina
935
-17
Rhamen
6:25 Loom
9:11 Feudal Age
9:47 Double-Bit Axe
16:24 Town Watch
16:48 Horse Collar
19:57 Wheelbarrow
23:10 Castle Age
21:38 Gold Mining
23:09 Bloodlines
23:06 Scale Barding Armor
23:12 Forging
24:04 Bow Saw
30:25 Chain Barding Armor
[La14]Uvita
6:54 Loom
10:02 Feudal Age
12:29 Double-Bit Axe
13:20 Horse Collar
21:29 Castle Age
19:27 Gold Mining
20:24 Bloodlines
20:51 Scale Barding Armor
23:16 Wheelbarrow
23:10 Fletching
23:23 Stone Mining
23:23 Town Watch
28:07 Bodkin Arrow
Connection lost

Rejoining the realm…

Still unreachable

The connection could not be restored.

Session expired

The server has moved on; the page needs a fresh start.